 Dungeon Crawl Stone Soup version 0.28-a0-657-g71136c5590 (webtiles) character file.

Game seed: 4447637401361968916

4836 KristoblXynda the Carver (level 10, 0/111 HPs)
             Began as a Vampire Gladiator on Oct 13, 2021.
             Was a High Priest of Okawaru.
             Succumbed to a killer bee's poison
             ... on level 9 of the Dungeon.
             The game lasted 00:13:08 (8518 turns).

KristoblXynda the Carver (Vampire Gladiator)        Turns: 8518, Time: 00:13:08

Health: 0/111      AC: 29    Str: 16    XL:     10   Next: 25%
Magic:  10/10      EV:  2    Int: 10    God:    Okawaru [*****.]
Gold:   578        SH:  0    Dex: 17    Spells: 9/9 levels left

rFire   . . .      SeeInvis +   a - +1 long sword (flame)
rCold   . . .      Faith    .   (no shield)
rNeg    . . .      Spirit   .   (armour currently unavailable)
rPois   +          Reflect  .   (helmet currently unavailable)
rElec   .          Harm     .   (cloak currently unavailable)
rCorr   .          Rampage  .   (gloves currently unavailable)
Will    ++...      NoTele   +   (boots currently unavailable)
Stlth   ++++......              (no amulet)
HPRegen 0.48/turn               k - +4 ring of protection
MPRegen 0.12/turn               y - ring of willpower

@: lethally poisoned (0 -> -1), tree-form, healing quickly
A: stationary, stasis, torment immunity, boosted hp, alive, (fangs 3), see
invisible, vampiric 2
a: Exsanguinate, Renounce Religion, Heroism, Finesse, Duel


You were on level 9 of the Dungeon.
You worshipped Okawaru.
Okawaru was extremely pleased with you.
You were a tree.
You visited 2 branches of the dungeon, and saw 10 of its levels.
You also visited: Ossuary and Bailey.

You collected 578 gold pieces.

Inventory:

Hand Weapons
 a - a +1 long sword of flaming (weapon)
Missiles
 d - a throwing net (quivered)
Armour
 c - a +0 helmet (melded)
 n - a +1 pair of boots (melded)
 p - a +0 pair of gloves (melded)
 u - +0 acid dragon scales (melded)
Jewellery
 h - a ring of magical power
 k - a +4 ring of protection (left branch)
 y - a ring of willpower (right branch)
Wands
 f - a wand of mindburst (14)
 i - a wand of digging (2)
 l - a wand of iceblast (10)
 q - a wand of acid (3)
Scrolls
 g - 2 scrolls of enchant weapon
 j - 4 scrolls of teleportation
 m - 3 scrolls of fog
 r - 4 scrolls of fear
Potions
 e - 2 potions of magic
 o - a potion of haste
 s - 2 potions of invisibility
 t - a potion of cancellation
 v - 2 potions of brilliance
 w - 4 potions of attraction
 z - a potion of resistance


   Skills:
 + Level 5.3 Fighting
 + Level 10.1 Long Blades
 - Level 2.0 Throwing
 + Level 3.3 Armour
 + Level 8.2 Dodging
 + Level 9.5 Stealth


You had 9 spell levels left.
You didn't know any spells.
Your spell library contained the following spells:

 Spells                   Type           Power      Damage    Failure   Level
 Foxfire                  Conj/Fire      0%         2x1d4     36%         1
 Magic Dart               Conj           0%         1d3       36%         1
 Searing Ray              Conj           0%         2d4       50%         2
 Conjure Flame            Conj/Fire      0%         6-21      75%         3
 Inner Flame              Hex/Fire       0%         N/A       75%         3
 Flame Wave               Conj/Fire      0%         3d3       98%         4
 Fulminant Prism          Conj/Hex       0%         3d6       98%         4
 Dispersal                Tloc           0%         N/A       100%        6
 Disjunction              Tloc           0%         N/A       100%        8


Dungeon Overview and Level Annotations

Branches:
Dungeon (9/15)             Temple (1/1) D:6            Lair (0/6) D:8
Ossuary (visited)          Bailey (visited)
    Orc: D:9-12

Altars:
Ashenzari
Dithmenos
Elyvilon
Fedhas
Gozag
Hepliaklqana
Kikubaaqudgha
Makhleb
Nemelex Xobeh
Okawaru
Qazlal
Ru
Sif Muna
Trog
Uskayaw
Vehumet
Wu Jian
Xom
Yredelemnul
Zin
The Shining One


Innate Abilities, Weirdness & Mutations

You are a tree.
Your roots penetrate the ground, keeping you stationary.
You cannot be teleported.
You are immune to unholy pain and torment.
Your maximum health is greatly increased.
Your equipment is partially melded.
Your natural rate of healing is accelerated.
((You have razor-sharp teeth.))
You have supernaturally acute eyesight. (SInv)
You are afflicted with vampirism and can become a bat while bloodless.


Message History

* * * LOW HITPOINT WARNING * * *
You are more poisoned.
The killer bee poisons you!
The killer bee stings you but does no damage.
Aiming: Corrosive Bolt
Press: ? - help, Shift-Dir - straight line The bolt of acid misses the killer bee.
* * * LOW HITPOINT WARNING * * *
You feel sick. The killer bee barely misses you.
The killer bee stings you but does no damage.
Unknown command.
Really quaff the potion of lignification?
You turn into a tree.
Your +0 helmet melds into your body.
Your +0 pair of gloves melds into your body.
Your +1 pair of boots melds into your body.
Your +0 acid dragon scales melds into your body.
Your roots penetrate the ground.
You feel sick. The killer bee completely misses you.
The killer bee stings you but does no damage.
You barely miss the killer bee.
The killer bee is moderately wounded.
You feel sick. The killer bee stings you.
* * * LOW HITPOINT WARNING * * *
The killer bee stings you but does no damage.
You slash the killer bee! You burn the killer bee.
You kill the killer bee!
Okawaru accepts your kill.
* * * LOW HITPOINT WARNING * * *
You feel sick.
You cannot move.
It was a potion of flight.
Your roots keep you in place.
* * * LOW HITPOINT WARNING * * *
You feel sick.
Unknown command.
You cannot move.
You cannot move.
You cannot move.
There is a lethal amount of poison in your body!
There is a lethal amount of poison in your body!
You die...

#....# #....# #....#
. #....## . . #.....#
.. . #.....# ... .
#.....# .... .
#....†####....
[###############♣...#
.#...##...##...'....#
.'........#....#....#
.#........'....#....#
.#'####...###+##....#
.#..###...#........##
.+..+.....#........#
.#..#.....'........#
.#####....#........#


There were no monsters in sight!

Vanquished Creatures
  2 wyverns
  Eustachio (D:6)
  2 steam dragons (D:8)
  Edmund (D:6)
  3 wargs
  An acid dragon (D:8)
  An ice beast (D:5)
  A black bear (D:6)
  A sky beast (D:5)
  2 ogres
  A necrophage (D:8)
  A phantom (D:6)
  A centaur (D:5)
  3 bullfrogs
  10 scorpions
  2 gnoll sergeants
  2 wyvern skeletons
  10 killer bees
  2 hounds
  3 centaur zombies
  3 jellies
  5 orc priests
  4 iguanas
  4 scorpion zombies (Ossuary)
  5 orc wizards
  A killer bee zombie (D:7)
  3 mummies (Ossuary)
  2 howler monkey zombies (D:7)
  20 gnolls
  7 adders
  A white imp (D:5)
  An ufetubus (D:5)
  2 worms
  2 adder skeletons
  A dart slug (D:1)
  22 orcs
  2 ball pythons
  2 bats
  A bat zombie (D:4)
  An endoplasm (D:3)
  5 giant cockroaches
  8 goblins
  10 hobgoblins
  4 jackals (D:2)
  3 quokkas
  A frilled lizard (D:3)
  4 gnoll zombies (Ossuary)
  4 goblin zombies (Ossuary)
  2 hobgoblin zombies (Ossuary)
  5 kobolds
  A kobold zombie (Ossuary)
  4 orc zombies (Ossuary)
  3 rats
  3 rat zombies (D:4)
196 creatures vanquished.

Vanquished Creatures (others)
  A plant (D:8)
1 creature vanquished.

Grand Total: 197 creatures vanquished

Notes
Turn   | Place    | Note
-------+----------+-------------------------------------------
     0 | D:1      | KristoblXynda the Vampire Gladiator began the quest for the
                  | Orb.
     0 | D:1      | Reached XP level 1. HP: 16/16 MP: 1/1
   110 | D:1      | Found a faded altar of an unknown god.
   234 | D:1      | Reached XP level 2. HP: 22/22 MP: 2/2
  1143 | D:3      | Gained mutation: You are afflicted with vampirism and can
                  | become a bat while bloodless. [Vampire growth]
  1143 | D:3      | Reached XP level 3. HP: 26/27 MP: 3/3
  1443 | D:3      | Found a stormy altar of Qazlal.
  1567 | D:3      | Found an iron altar of Okawaru.
  1575 | D:3      | Became a worshipper of Warmaster Okawaru
  1759 | D:3      | Reached XP level 4. HP: 34/34 MP: 4/4
  1763 | D:3      | Reached skill level 4 in Long Blades
  2007 | D:4      | Reached XP level 5. HP: 40/40 MP: 5/5
  2239 | D:4      | Found an ornate altar of the Wu Jian Council.
  2320 | D:4      | Found an ancient bone altar of Kikubaaqudgha.
  2530 | D:4      | Reached skill level 5 in Long Blades
  2530 | D:4      | Reached XP level 6. HP: 31/47 MP: 6/6
  2738 | D:4      | Found a shimmering altar of Xom.
  2781 | D:4      | Reached * piety under Okawaru
  3004 | D:5      | Entered Level 5 of the Dungeon
  3022 | D:5      | Reached skill level 1 in Stealth
  3244 | D:5      | Reached skill level 5 in Dodging
  3250 | D:5      | Reached XP level 7. HP: 28/53 MP: 7/7
  3405 | D:5      | Reached ** piety under Okawaru
  3578 | D:5      | Reached skill level 6 in Long Blades
  3593 | D:5      | Found a sand-covered staircase.
  3658 | Ossuary  | Entered an ossuary
  3839 | Ossuary  | Reached XP level 8. HP: 61/61 MP: 8/8
  3911 | Ossuary  | Reached skill level 5 in Stealth
  3918 | Ossuary  | Reached skill level 7 in Long Blades
  4128 | D:5      | Reached *** piety under Okawaru
  4348 | D:6      | Found a burning altar of Makhleb.
  4348 | D:6      | Found a basalt altar of Yredelemnul.
  4448 | D:6      | Noticed Eustachio
  4489 | D:6      | Killed Eustachio
  4490 | D:6      | Reached skill level 5 in Fighting
  4683 | D:6      | Found a staircase to the Ecumenical Temple.
  4702 | D:6      | Reached skill level 8 in Long Blades
  4728 | Temple   | Entered the Ecumenical Temple
  5076 | D:6      | Reached XP level 9. HP: 33/68 MP: 9/9
  5518 | D:6      | Noticed Edmund
  5536 | D:6      | Killed Edmund
  5662 | D:6      | Found a shimmering blue altar of Sif Muna.
  5662 | D:6      | Found a hazy altar of Hepliaklqana.
  5701 | D:6      | Reached **** piety under Okawaru
  5702 | D:6      | Reached skill level 1 in Armour
  6305 | D:7      | Reached skill level 9 in Long Blades
  6739 | D:8      | Found a staircase to the Lair.
  7436 | D:8      | Reached XP level 10. HP: 52/74 MP: 10/10
  7614 | D:8      | Found a radiant altar of Vehumet.
  7641 | D:8      | Identified the +1 robe of Going Fast {Will- Regen+ Slay+3}
  7750 | D:8      | Found a broken altar of Ashenzari.
  7932 | D:8      | Reached skill level 10 in Long Blades
  8088 | D:9      | Found a flagged portal.
  8096 | Bailey   | Entered a bailey
  8096 | Bailey   | Noticed an orc knight
  8416 | D:9      | Reached ***** piety under Okawaru
  8454 | D:9      | Noticed a molten gargoyle
  8515 | D:9      | HP: 2/111 [killer bee (5)]
  8518 | D:9      | Succumbed to a killer bee's poison

Illustrated notes

Levels and vault maps discovered:
D:1:      minmay_arrival_nine_rooms, layout_rooms,
          ebering_ecumenical_altar_abandoned, kennysheep_nondescript
D:2:      layout_loops_ring, minmay_splitting_lines, grunt_ministairs_7,
          dk_noncrumbling_3
D:3:      layout_loops_cross, grunt_qazlal_clouds, okawaru_altar_gauntlet_db,
          minmay_fractal_squares_gapless_5
D:4:      layout_rooms, nicolae_wu_jian_glorious_leap,
          lemuel_zombie_altar_kikubaaqudgha, xom_teletrap_fun
D:5:      layout_loops_ring, lightli_ossuary_entry_decrepit_ruins
D:6:      layout_gridville, amethyst_overflow_temple_binary,
          gammafunk_temple_overflow_pools, minmay_temple_entry_mist,
          uniq_edmund, uniq_eustachio
D:7:      layout_gridville, minmay_misc_feat_nine_boxes, serial_bayou_pond_e
D:8:      layout_loops_corners, nicolae_vehumet_altar_sigil,
          ashenzari_conservatory_becter, erik_lair_orcish_takeover
D:9:      layout_gridville, enter_bailey_3, kennysheep_nub, minivault_8
Temple:   jpeg_temple_alley_garden

Skill      XL: |  1  2  3  4  5  6  7  8  9 10 |
---------------+-------------------------------+-----
Fighting       | 2 3 4 5 |  5.3
Throwing       | 2 |  2.0
Long Blades    | 4 5 6 8 9 10 | 10.1
Dodging        | 4 5 6 7 8 |  8.2
Stealth        | 2 4 6 9 |  9.5
Armour         | 2 3 |  3.3

Action                   |  1- 3 |  4- 6 |  7- 9 | 10-12 || total
-------------------------+-------+-------+-------+-------++-------
Melee: Long sword        |   108 |   161 |   360 |    84 ||   713
       Bite              |    14 |    11 |    54 |     9 ||    88
Throw: Throwing net      |       |     1 |     1 |       ||     2
 Abil: Exsanguinate      |       |       |     1 |       ||     1
Evoke: Wand              |       |     1 |    17 |     2 ||    20
  Use: Scroll            |       |    10 |    10 |     2 ||    22
       Potion            |       |       |     1 |     2 ||     3
 Stab: Sleeping          |     1 |     2 |    12 |     4 ||    19
       Held in net/web   |       |       |     2 |       ||     2
       Distracted        |       |       |     1 |       ||     1
Armor: Leather armour    |    24 |    66 |   142 |     1 ||   233
       Acid dragon scale |       |       |       |    23 ||    23
       Steam dragon scal |       |       |       |     4 ||     4
       Skin              |       |       |       |     2 ||     2
Dodge: Dodged            |    83 |   115 |   322 |    80 ||   600

Table legend: (Time is in decaauts)
 A = Elapsed time spent in this place.
 B = Non-inter-level travel time spent in this place.
 C = Inter-level travel time spent in this place.
 D = Time resting spent in this place.
 E = Time spent auto-exploring this place.
 F = Levels seen in this place.
 G = Mean time per level.
                   A        B        C        D        E       F      G
               +--------+--------+--------+--------+--------+-----+--------+
         Total |   8574 |   8286 |    288 |   1791 |   4644 |  12 |  714.5 |
       Dungeon |   7798 |   7517 |    281 |   1598 |   4389 |   9 |  866.4 |
        Temple |    202 |    195 |      7 |      0 |    189 |   1 |  202.0 |
       Ossuary |    470 |    470 |      0 |     93 |     66 |   1 |  470.0 |
        Bailey |    102 |    102 |      0 |    100 |      0 |   1 |  102.0 |
               +--------+--------+--------+--------+--------+-----+--------+

Top non-repeatable levels by time:
     D:6: 1302 daAuts
     D:8: 1200 daAuts
     D:4: 1161 daAuts
     D:7: 1012 daAuts
     D:5: 873 daAuts
     D:3: 821 daAuts
     D:2: 634 daAuts
 Ossuary: 470 daAuts
     D:1: 434 daAuts
     D:9: 358 daAuts
  Temple: 202 daAuts
  Bailey: 102 daAuts
